 Dungeon Crawl Stone Soup version 0.20.0-15-g7f486f2 (webtiles) character file.

815 manyhoops the Slasher (level 7, 0/85 HPs)
             Began as a Red Draconian Gladiator on June 13, 2017.
             Succumbed to an orc wizard's poison
             ... on level 4 of the Dungeon.
             The game lasted 00:08:23 (5024 turns).

manyhoops the Slasher (Red Draconian Gladiator)     Turns: 5024, Time: 00:08:23

Health: 0/85       AC:  7    Str: 21    XL:     7   Next: 62%
Magic:  16/16      EV: 15    Int:  8    God:
Gold:   155        SH:  0    Dex: 15    Spells: 6/6 levels left

rFire    + + .     SeeInvis .   a - +0 long sword
rCold    . . .     Gourm    .   (no shield)
rNeg     . . .     Faith    .   (armour unavailable)
rPois    .         Spirit   .   b - +0 hat
rElec    .         Reflect  .   (no cloak)
rCorr    .         Harm     .   p - +0 pair of gloves (curse)
MR       .....                  (no boots)
Stlth    ..........             v - amulet of rage
Regen    0.3/turn               g - ring of protection from fire
MPRegen  0.2/turn               k - ring of magical power

@: berserking (expiring), lethally poisoned (0 -> -22), slowed
A: breathe fire, unfitting armour, fire resistance 1, cold-blooded, AC +6
a: Breathe Fire, Evoke Berserk Rage


You were on level 4 of the Dungeon.
You were near starving.

You visited 1 branch of the dungeon, and saw 4 of its levels.

You collected 155 gold pieces.

Inventory:

Hand Weapons
 a - a +0 long sword (weapon)
 y - a +2 short sword of venom
Missiles
 c - 2 throwing nets (quivered)
Armour
 b - a +0 hat (worn)
 p - a cursed +0 pair of gloves (worn)
Jewellery
 g - a ring of protection from fire (left hand)
 k - a ring of magical power (right hand)
 v - an amulet of rage (around neck)
Scrolls
 h - a scroll of teleportation
 j - 5 scrolls of identify {unknown}
 r - 3 scrolls of remove curse {unknown}
 u - 2 scrolls of fear {unknown}
Potions
 e - a potion of might {unknown}
 l - a potion of flight
 n - a potion of cancellation {unknown}
 o - 2 potions of berserk rage {unknown}
 q - a potion of curing
 s - a potion of ambrosia {unknown}
 t - 3 potions of mutation {unknown}
 w - a potion of degeneration {unknown}
 x - a potion of brilliance {unknown}
Comestibles
 d - 2 bread rations
 f - 2 royal jellies
 i - 6 fruits
 m - a meat ration


   Skills:
 + Level 3.1 Fighting
 + Level 7.3 Long Blades
 - Level 1.7 Throwing
 - Level 5.3 Dodging


You had 6 spell levels left.
You didn't know any spells.

Dungeon Overview and Level Annotations

Branches:
Dungeon (4/15)
 Temple: D:4-7

Altars:
Okawaru
Zin


Innate Abilities, Weirdness & Mutations

You can breathe blasts of fire.
Your fiery red scales are hard. (AC +6)
You cannot fit into any form of body armour.
Your flesh is heat resistant. (rF+)
You are cold-blooded and may be slowed by cold attacks.


Message History

You feel very sick. The orc priest misses you.
Something hits you but does no damage. The orc barely misses you.
You slash the orc priest!
You kill the orc priest!
* * * LOW HITPOINT WARNING * * *
You feel very sick. Something hits you.
* * * LOW HITPOINT WARNING * * *
The orc barely misses you.
You miss something.
* * * LOW HITPOINT WARNING * * *
You feel sick.
You hear some strange, mumbled words.
A puff of flame appears from out of thin air!
The puff of flame hits you! You resist.
* * * LOW HITPOINT WARNING * * *
The orc closely misses you.
You miss something.
Your tail-slap misses something.
You die...

### #.... ##.# #....
#..# ##...# ## ###
#..## ##....# .####.###
###...####.....#
........##
##...........#...
######...##
##..........#####.
###..######o..#########
## ##......)@)## #
###.###{###
#######.#####
##...........## ######
#.#.#.#.#.#.#.#
###.....
##.............##
#...####
#.#.#.#.#.#.#.#.#
##.### #
##...............###
#..#
##.#.#.#.#.#.#.#.#..##
#..#


You could see an orc.

Vanquished Creatures
  Duvessa (D:3)
  A phantom (D:4)
  A wyvern zombie (D:3)
  Dowan (D:3)
  A scorpion (D:4)
  A hound (D:4)
  An orc priest (D:4)
  2 orc wizards (D:4)
  An iguana (D:4)
  A worker ant (D:4)
  Robin (D:3)
  10 adders
  6 gnolls
  An ooze (D:2)
  7 worms
  4 dart slugs
  2 leopard geckos
  7 orcs
  A ball python (D:2)
  19 goblins
  13 hobgoblins
  6 jackals (D:3)
  4 kobolds
  A quokka (D:3)
  3 bats
  4 frilled lizards
  A leopard gecko skeleton (D:4)
  5 rats
106 creatures vanquished.

Notes
Turn   | Place    | Note
-------+----------+-------------------------------------------
     0 | D:1      | manyhoops the Draconian Gladiator began the quest for the Orb.
     0 | D:1      | Reached XP level 1. HP: 17/17 MP: 1/1
   332 | D:1      | Reached XP level 2. HP: 24/24 MP: 2/2
   678 | D:1      | Reached skill level 4 in Long Blades
   679 | D:1      | Reached XP level 3. HP: 21/29 MP: 3/3
  1299 | D:2      | Reached skill level 5 in Long Blades
  1299 | D:2      | Reached XP level 4. HP: 34/36 MP: 4/4
  1631 | D:2      | Found a glowing silver altar of Zin.
  2325 | D:3      | Reached XP level 5. HP: 38/41 MP: 5/5
  2788 | D:3      | Reached skill level 6 in Long Blades
  2868 | D:3      | Found an iron altar of Okawaru.
  3279 | D:3      | Reached XP level 6. HP: 29/48 MP: 6/6
  3616 | D:3      | Noticed Robin
  3623 | D:3      | Killed Robin
  4349 | D:4      | Reached skill level 5 in Dodging
  4735 | D:4      | Your scales start taking on a fiery red colour.
  4735 | D:4      | Reached XP level 7. HP: 44/55 MP: 7/7
  4735 | D:4      | Gained mutation: Your flesh is heat resistant. (rF+) [Red Draconian growth]
  4746 | D:4      | Noticed Duvessa
  4754 | D:4      | Noticed Dowan
  4800 | D:3      | Killed Duvessa
  4802 | D:3      | Killed Dowan
  4862 | D:4      | Reached skill level 7 in Long Blades
  5023 | D:4      | HP: 4/85 [poisoned by an orc wizard]
  5024 | D:4      | Succumbed to an orc wizard's poison

Skill      XL: |  1  2  3  4  5  6  7 |
---------------+----------------------+-----
Long Blades    | 4 5 6 7 |  7.3
Dodging        | 3 5 |  5.3
Fighting       | 3 |  3.1
Throwing       | |  1.7

Action                   |  1- 3 |  4- 6 |  7- 9 || total
-------------------------+-------+-------+-------++-------
Melee: Long sword        |    65 |   179 |    27 ||   271
       Tailslap          |    12 |    35 |     4 ||    51
       Short sword       |       |    31 |       ||    31
Throw: Throwing net      |       |     1 |       ||     1
 Abil: Evoke Berserk Rag |       |     3 |     2 ||     5
       Breathe Fire      |       |       |     1 ||     1
  Use: Scroll            |     1 |       |       ||     1
       Potion            |       |     2 |       ||     2
 Stab: Sleeping          |       |     4 |       ||     4
  Eat: Chunk             |     1 |    14 |     1 ||    16
Armor: Skin              |    19 |    60 |    12 ||    91
Dodge: Dodged            |    48 |   151 |    23 ||   222
       Rpst.: Long sword |    13 |    41 |     6 ||    60
